 Dungeon Crawl Stone Soup version 0.24-a0-251-g44e327ef01 (webtiles) character file.

Game seed: 14838291266828700430

4306 Redear the Blocker (level 10, -5/82 HPs)
             Began as a Formicid Fighter on Apr 17, 2019.
             Was a Priest of Okawaru.
             Slain by a troll (14 damage)
             ... on level 9 of the Dungeon.
             The game lasted 00:21:37 (9776 turns).

Redear the Blocker (Formicid Fighter)               Turns: 9776, Time: 00:21:38

Health: -5/82      AC:  8    Str: 21    XL:     10   Next: 58%
Magic:  12/12      EV: 15    Int:  8    God:    Okawaru [***...]
Gold:   272        SH: 14    Dex: 15    Spells: 9/9 levels left

rFire    . . .     SeeInvis +   a - +0 war axe
rCold    + . .     Gourm    .   c - +0 shield
rNeg     . . .     Faith    .   G - +2 leather armour {rC+} {rC+}
rPois    +         Spirit   .   (helmet unavailable)
rElec    .         Reflect  .   k - +0 cloak
rCorr    .         Harm     .   (no gloves)
MR       ++...                  (no boots)
Stlth    +++.......             (no amulet)
HPRegen  0.23/turn              o - ring of poison resistance {rPois}
MPRegen  0.13/turn              D - ring of flight (curse) {+Fly}

@: heroism
A: permanent stasis, dig shafts and tunnels, four strong arms, antennae 3, agile
1, magic resistance 1, MP-powered wands
a: Dig, Shaft Self, Heroism, Renounce Religion, Evoke Flight


You were on level 9 of the Dungeon.
You worshipped Okawaru.
Okawaru was most pleased with you.
You were very hungry.

You visited 2 branches of the dungeon, and saw 11 of its levels.
You also visited: Sewer.

You collected 412 gold pieces.
You spent 140 gold pieces at shops.

Inventory:

Hand Weapons
 a - a +0 war axe (weapon)
 p - a +1 short sword of venom
 y - the +2 hunting sling of Bozuoni {freeze, rN+}
   (You found it on level 4 of the Dungeon)

   It causes projectiles fired from it to freeze those they strike, causing
   extra injury to most foes and up to half again as much damage against
   particularly susceptible opponents.
   They can also slow down cold-blooded creatures.
   It protects you from negative energy.
 N - a +2 long sword of flaming
Missiles
 m - 106 arrows
 v - 83 sling bullets
 w - 5 javelins of returning (quivered)
 A - 37 bolts
 Z - a throwing net {+f}
Armour
 b - a +2 pair of gloves
 c - a +0 shield (worn)
 k - a +0 cloak (worn)
 G - a +2 leather armour of cold resistance (worn) {rC+}
Jewellery
 f - an uncursed ring of protection from fire {rF+}
 i - a +3 ring of intelligence
 o - a ring of poison resistance (left hand) {rPois}
 s - an uncursed ring of see invisible {SInv}
 D - a cursed ring of flight (right hand) {+Fly}
 M - an uncursed amulet of rage {unknown}
Wands
 g - a wand of disintegration (7)
 I - a wand of random effects (21)
Scrolls
 e - 3 scrolls of fog
 h - a scroll of amnesia {unknown}
 q - a scroll of blinking {unknown}
 r - a scroll of immolation {unknown}
 t - a scroll of noise {unknown}
 B - a scroll of random uselessness {unknown}
 C - 3 scrolls of remove curse {unknown}
 E - a scroll of magic mapping {unknown}
 J - 2 scrolls of enchant armour {unknown}
 K - a scroll of vulnerability {unknown}
 L - a scroll of holy word {unknown}
 O - 2 scrolls of fear {unknown}
 R - 2 scrolls of identify {@r1}
 T - 6 scrolls of teleportation {@r3}
Potions
 d - 2 potions of might {Str+5 DMG+1d10 | @q3}
 j - 10 potions of degeneration {!q}
 l - 2 potions of flight
 n - 2 potions of resistance {rF+ rC+ rPois rElec rCorr}
 u - a potion of lignification
 x - a potion of agility {Stlth+ Dex+5 EV+5 | @q4}
 H - a potion of haste {@q5}
 Q - 5 potions of curing {@q2}
Comestibles
 z - 23 rations


   Skills:
 + Level 8.6(13.6) Fighting
 + Level 7.4(12.4) Axes
 + Level 8.6(13.6) Armour
 + Level 9.3(14.3) Shields
 + Level 3.6 Invocations


You had 9 spell levels left.
You didn't know any spells.
Your spell library contained the following spells:

 Spells                   Type           Power        Failure   Level  Hunger
 Animate Skeleton         Necr           N/A          43%         1    ##.....
 Apportation              Tloc           #.....       43%         1    ##.....
 Beastly Appendage        Tmut           #.....       43%         1    ##.....
 Confusing Touch          Hex            #.....       43%         1    ##.....
 Summon Small Mammal      Summ           #...         43%         1    ##.....
 Sticks to Snakes         Tmut           #.......     58%         2    ###....
 Spider Form              Tmut/Pois      #.........   82%         3    ####...
 Ice Form                 Ice/Tmut       #.......     99%         4    #####..
 Blade Hands              Tmut           #.........   100%        5    ######.


Dungeon Overview and Level Annotations

Branches:
Dungeon (10/15)            Temple (1/1) D:6            Lair (0/6) D:9
    Orc (0/2) D:9

Altars:
Ashenzari
Cheibriados
Dithmenos
Elyvilon
Fedhas
Gozag
Hepliaklqana
Kikubaaqudgha
Makhleb
Nemelex Xobeh
Okawaru
Qazlal
Ru
Sif Muna
Uskayaw
Vehumet
Wu Jian
Xom
Yredelemnul
Zin
The Shining One

Shops:
D:5 !   D:8 [

Annotations:
D:9 dead yak


Innate Abilities, Weirdness & Mutations

You cannot be hasted, slowed, berserked, paralysed or teleported.
You can dig through walls and to a lower floor.
Your four strong arms can wield two-handed weapons with a shield.
You have a pair of large antennae on your head. (SInv)
You are agile. (Dex +2)
You are resistant to hostile enchantments. (MR+)
You expend magic power (3 MP) to strengthen your wands.


Message History

The troll closely misses you.
You closely miss the troll.
The troll is lightly wounded.
You hit the troll.
The troll is lightly wounded.
You block the troll's attack. x2; The troll barely misses you.
You barely miss the troll.
The troll is lightly wounded.
The troll closely misses you. The troll claws you.
* * * LOW HITPOINT WARNING * * *
The troll barely misses you.
You take 5 damage, and have 19/82 hp.
You slash the troll!
The troll is heavily wounded.
You block the troll's attack. The troll barely misses you. The troll claws you!
* * * LOW HITPOINT WARNING * * *
You take 13 damage, and have 6/82 hp.
Okay, then.
The troll bites you!
You die...

...# ###.## ...####### ......
.......... ##.#. ##.####### ##
#.# # ##.# # ##.# {. ...#
##################### ...#
#####...@T............... ...#
#.....#######.[.......... ...#
#.....# #....<.......
...####+#..[..# #............
..............# #............
..............# ####............
..............####...>...........
......................†..........
...........................#.....


You could see a troll.

Vanquished Creatures
  A death yak (D:9)
  Psyche (D:8)
  A water moccasin (D:9)
  Duvessa (D:5)
  A swamp drake (D:9)
  An orc warrior (D:9)
  3 ice beasts
  A phantom (D:6)
  A black bear (D:10)
  2 ogres
  3 centaurs
  A big kobold (Sewer)
  A wyvern zombie (D:9)
  4 bullfrogs
  Dowan (D:5)
  3 scorpions
  A howler monkey (D:4)
  2 electric eels
  4 crimson imps
  A centaur zombie (D:7)
  5 hounds
  A centaur skeleton (D:7)
  A bullfrog skeleton (D:10)
  4 jellies (D:8)
  7 orc wizards
  2 iguanas
  7 worker ants
  A killer bee zombie (D:6)
  A hound zombie (D:9)
  A worker ant zombie (D:6)
  14 adders
  3 gnolls (D:6)
  A river rat (Sewer)
  3 shadow imps
  5 oozes (D:8)
  2 adder skeletons
  An adder zombie (D:9)
  7 worms
  4 dart slugs
  8 leopard geckos
  18 orcs
  A ball python (D:3)
  4 giant cockroaches
  6 goblins
  9 hobgoblins
  13 jackals
  14 kobolds
  5 quokkas
  13 bats
  8 frilled lizards
  10 rats
  2 plants (D:8)
215 creatures vanquished.

Vanquished Creatures (others)
  An orc warrior (D:9)
  A plant (D:8)
2 creatures vanquished.

Grand Total: 217 creatures vanquished

Notes
Turn   | Place    | Note
-------+----------+-------------------------------------------
     0 | D:1      | Redear the Formicid Fighter began the quest for the Orb.
     0 | D:1      | Reached XP level 1. HP: 18/18 MP: 1/1
    58 | D:1      | Found a shimmering altar of Xom.
   104 | D:1      | Reached XP level 2. HP: 19/24 MP: 2/2
   434 | D:1      | Reached skill level 4 in Shields
   434 | D:1      | Reached XP level 3. HP: 21/29 MP: 3/3
   766 | D:2      | Reached XP level 4. HP: 34/37 MP: 4/4
  1030 | D:2      | Noticed a centaur
  1043 | D:2      | Killed a centaur
  1043 | D:2      | Reached skill level 4 in Fighting
  1043 | D:2      | Reached skill level 3 in Axes
  1043 | D:2      | Reached skill level 4 in Armour
  1043 | D:2      | Reached XP level 5. HP: 25/42 MP: 5/5
  1364 | D:2      | Found a burning altar of Makhleb.
  1529 | D:3      | Reached XP level 6. HP: 20/49 MP: 6/6
  1653 | D:3      | Reached skill level 5 in Shields
  2092 | D:3      | Found a sparkling altar of Nemelex Xobeh.
  2126 | D:3      | Found an iron altar of Okawaru.
  2126 | D:3      | Found a radiant altar of Vehumet.
  2148 | D:3      | Became a worshipper of Warmaster Okawaru
  2765 | D:4      | Reached skill level 5 in Fighting
  2765 | D:4      | Reached XP level 7. HP: 54/56 MP: 7/7
  2822 | D:4      | Reached skill level 5 in Armour
  2990 | D:4      | Reached skill level 4 in Axes
  3214 | D:4      | Got a crystal hunting sling
  3308 | D:5      | Entered Level 5 of the Dungeon
  3332 | D:5      | Reached * piety under Okawaru
  3348 | D:5      | Identified the +2 hunting sling of Bozuoni {freeze, rN+}
                  | (You found it on level 4 of the Dungeon)
  3393 | D:5      | Found Zyekluo's Distillery.
  3398 | D:5      | Bought a potion of heal wounds for 70 gold pieces
  3398 | D:5      | Bought a potion of heal wounds for 70 gold pieces
  3502 | D:5      | Reached skill level 6 in Shields
  3538 | D:5      | Noticed Dowan
  3539 | D:5      | Noticed Duvessa
  3551 | D:5      | Killed Duvessa
  3551 | D:5      | Reached XP level 8. HP: 38/64 MP: 8/8
  3569 | D:5      | Killed Dowan
  3676 | D:5      | HP: 5/64 [ice beast (7)]
  3681 | D:5      | HP: 2/64 [ice beast (11)]
  3686 | D:5      | Reached skill level 6 in Fighting
  3686 | D:5      | Reached skill level 6 in Armour
  3786 | D:5      | Found a glowing drain.
  3806 | Sewer    | Entered a sewer
  3958 | Sewer    | Reached skill level 5 in Axes
  4002 | Sewer    | Found a white marble altar of Elyvilon.
  4630 | D:6      | Found a staircase to the Ecumenical Temple.
  4667 | D:6      | Reached ** piety under Okawaru
  4690 | D:6      | Reached skill level 7 in Shields
  4964 | D:6      | Reached XP level 9. HP: 58/71 MP: 9/9
  5259 | D:6      | Found a shimmering altar of Xom.
  5491 | D:6      | Found a deep blue altar of Sif Muna.
  5548 | D:6      | Got a faintly humming hat
  5774 | D:6      | Reached skill level 7 in Fighting
  5776 | D:6      | Found an ancient bone altar of Kikubaaqudgha.
  5880 | D:6      | Reached skill level 7 in Armour
  6017 | Temple   | Entered the Ecumenical Temple
  6367 | D:7      | Reached skill level 6 in Axes
  6586 | D:7      | Reached skill level 8 in Shields
  6640 | D:7      | Reached *** piety under Okawaru
  7029 | D:8      | Gained mutation: You are clumsy. (Dex -2) [potion of
                  | mutation]
  7029 | D:8      | Gained mutation: You occasionally shout uncontrollably at
                  | your foes. [potion of mutation]
  7029 | D:8      | Gained mutation: You are somewhat resistant to further
                  | mutation. [potion of mutation]
  7186 | D:8      | Lost mutation: You are somewhat resistant to further
                  | mutation. [potion of mutation]
  7186 | D:8      | Lost mutation: You are clumsy. (Dex -2) [potion of
                  | mutation]
  7186 | D:8      | Gained mutation: You are resistant to hostile enchantments.
                  | (MR+) [potion of mutation]
  7186 | D:8      | Gained mutation: You have sharp fingernails. [potion of
                  | mutation]
  7187 | D:8      | Lost mutation: You are resistant to hostile enchantments.
                  | (MR+) [potion of mutation]
  7187 | D:8      | Lost mutation: You occasionally shout uncontrollably at
                  | your foes. [potion of mutation]
  7187 | D:8      | Gained mutation: Your flesh is cold resistant. (rC+)
                  | [potion of mutation]
  7187 | D:8      | Gained mutation: Armour fits poorly on your strangely
                  | shaped body. [potion of mutation]
  7187 | D:8      | Gained mutation: You have sharp toenails. [potion of
                  | mutation]
  7187 | D:8      | Gained mutation: Your flesh is heat resistant. (rF+)
                  | [potion of mutation]
  7188 | D:8      | Lost mutation: Your flesh is cold resistant. (rC+) [potion
                  | of mutation]
  7188 | D:8      | Lost mutation: You have sharp toenails. [potion of
                  | mutation]
  7188 | D:8      | Lost mutation: You have sharp fingernails. [potion of
                  | mutation]
  7188 | D:8      | Gained mutation: Your natural rate of healing is unusually
                  | fast. [potion of mutation]
  7188 | D:8      | Gained mutation: You expend magic power (3 MP) to
                  | strengthen your wands. [potion of mutation]
  7188 | D:8      | Gained mutation: You possess an exceptional clarity of
                  | mind. [potion of mutation]
  7189 | D:8      | Lost mutation: Your flesh is heat resistant. (rF+) [potion
                  | of mutation]
  7189 | D:8      | Lost mutation: You possess an exceptional clarity of mind.
                  | [potion of mutation]
  7189 | D:8      | Lost mutation: Armour fits poorly on your strangely shaped
                  | body. [potion of mutation]
  7189 | D:8      | Lost mutation: Your natural rate of healing is unusually
                  | fast. [potion of mutation]
  7189 | D:8      | Gained mutation: You are resistant to hostile enchantments.
                  | (MR+) [potion of mutation]
  7189 | D:8      | Gained mutation: You are agile. (Dex +2) [potion of
                  | mutation]
  7303 | D:8      | Noticed Psyche
  7314 | D:8      | Killed Psyche
  7327 | D:8      | Found a shattered altar of Ashenzari.
  7894 | D:8      | Found Xihazeog's Armour Shoppe.
  8013 | D:8      | Reached XP level 10. HP: 67/80 MP: 10/10
  8129 | D:9      | Reached skill level 1 in Invocations
  8158 | D:9      | Reached skill level 8 in Fighting
  8205 | D:9      | Noticed a death yak
  8205 | D:9      | Noticed a death yak
  8205 | D:9      | Noticed a death yak
  8322 | D:9      | Killed a death yak
  8322 | D:9      | Reached skill level 7 in Axes
  8322 | D:9      | Reached skill level 8 in Armour
  8322 | D:9      | Reached skill level 9 in Shields
  8322 | D:9      | Reached skill level 2 in Invocations
  8469 | D:9      | Noticed a death yak
  8603 | D:9      | Noticed a death yak
  8605 | D:9      | Noticed a death yak
  8874 | D:9      | Reached skill level 3 in Invocations
  9385 | D:9      | Found a staircase to the Orcish Mines.
  9666 | D:9      | Found a staircase to the Lair.
  9740 | D:10     | Entered Level 10 of the Dungeon
  9766 | D:9      | HP: 6/82 [troll (13)]
  9776 | D:9      | Slain by a troll

Levels and vault maps discovered:
D:1:      minmay_arrival_four_circles, layout_rooms, xom_teletrap_fun
D:2:      layout_rooms, nicolae_overflow_crystal_walls, first_ration
D:3:      layout_rooms, grunt_temple_overflow_open,
          chequers_serial_rivers_micro_e
D:4:      layout_gridville
D:5:      layout_loops_ring, portal_sewer_entry_f, serial_shops,
          kennysheep_little_box, minmay_door_square, minmay_misc_feat_plants,
          uniq_duvessa
D:6:      layout_layer_cave, lemuel_doored_altar, marbit_many_paths,
          led_sif_book, minmay_temple_entry_sparse_star
D:7:      statuecave_lemuel, layout_rooms
D:8:      layout_loops_ring, old_standard_altar, serial_shops, shop,
          hangedman_little_slice_of_home, serial_bayou_lagoon_a, uniq_psyche
D:9:      layout_basic, kennysheep_mini, dpeg_lair_monsters, erik_orc_1
D:10:     layout_basic
Temple:   oiseaux_autumnal_temple
Sewer:    sewer_kobolds

Skill      XL: |  1  2  3  4  5  6  7  8  9 10 |
---------------+-------------------------------+-----
Shields        | 4 5 6 7 8 9 |  9.3
Fighting       | 4 5 6 7 8 |  8.6
Axes           | 3 4 5 6 7 |  7.4
Armour         | 4 5 6 7 8 |  8.6
Invocations    | 3 |  3.6

Action                   |  1- 3 |  4- 6 |  7- 9 | 10-12 || total
-------------------------+-------+-------+-------+-------++-------
Melee: War axe           |    74 |   211 |   431 |   177 ||   893
Invok: Heroism           |       |       |       |     3 ||     3
 Abil: Dig               |       |       |     1 |     2 ||     3
Evoke: Wand              |       |       |     4 |     4 ||     8
  Use: Potion            |       |       |     9 |     4 ||    13
       Scroll            |       |       |     8 |       ||     8
 Stab: Distracted        |       |       |     1 |       ||     1
       Sleeping          |       |       |     3 |     1 ||     4
  Eat: Chunk             |       |     7 |    10 |     2 ||    19
       Ration            |       |       |     2 |     1 ||     3
Armor: Scale mail        |    27 |   101 |    50 |       ||   178
       Leather armour    |       |       |    50 |    32 ||    82
Dodge: Dodged            |    33 |    78 |   132 |    70 ||   313
Block: Shield            |    38 |   158 |   251 |   107 ||   554

Table legend:
 A = Non-vault XP
 B = Vault XP
 C = Vault XP percentage of total XP
 D = Non-vault monster count
 E = Vault monster count
 F = Vault count percentage of total count
                 A         B        C        D         E       F
            +---------+---------+-------+---------+---------+-------
      Total |    3793 |    2359 |  38.3 |     172 |      41 |  19.2
            +---------+---------+-------+---------+---------+-------
        D:1 |      40 |       0 |   0.0 |      24 |       0 |   0.0
        D:2 |     209 |       0 |   0.0 |      23 |       0 |   0.0
        D:3 |     134 |       0 |   0.0 |      33 |       0 |   0.0
        D:4 |     414 |       0 |   0.0 |      19 |       0 |   0.0
        D:5 |     421 |     240 |  36.3 |      13 |       7 |  35.0
        D:6 |     948 |       0 |   0.0 |      20 |       0 |   0.0
        D:7 |     453 |       0 |   0.0 |      14 |       0 |   0.0
        D:8 |     404 |     603 |  59.9 |       9 |      10 |  52.6
        D:9 |     563 |    1399 |  71.3 |      13 |      15 |  53.6
       D:10 |     207 |       0 |   0.0 |       4 |       0 |   0.0
      Sewer |       0 |     117 | 100.0 |       0 |       9 | 100.0
            +---------+---------+-------+---------+---------+-------
